 Dungeon Crawl Stone Soup version 0.28-a0-998-gb9e9c7b67e (webtiles) character file.

Game seed: 13759321411025116364

503 devnull the Skirmisher (level 7, 0/61 HPs)
             Began as a Ghoul Fighter on Dec 6, 2021.
             Slain by a gnoll (4 damage)
             ... on level 4 of the Dungeon.
             The game lasted 00:08:03 (4095 turns).

devnull the Skirmisher (Ghoul Fighter)              Turns: 4095, Time: 00:08:03

Health: 0/61       AC:  7    Str: 20    XL:     7   Next: 17%
Magic:  6/6        EV:  9    Int:  3    God:
Gold:   96         SH:  5    Dex: 16    Spells: 6/6 levels left

rFire   + . .      SeeInvis .   b - +4 dagger
rCold   + . .      Faith    .   c - +0 buckler
rNeg    + + +      Spirit   .   k - +0 scale mail
rPois   ∞          Reflect  .   (no helmet)
rElec   .          Harm     .   (no cloak)
rCorr   .          Rampage  .   (no gloves)
Will    .....                   (no boots)
Stlth   ..........              (no amulet)
HPRegen 0.00/turn               p - +6 ring of dexterity
MPRegen 0.10/turn               q - ring of protection from fire

@: lit by a corona, about to teleport, inhibited regen, glowing, studying Short
Blades
A: claws 1, cold resistance 1, negative energy resistance 3, inhibited
regeneration, torment resistance 2
a: no special abilities


You were on level 4 of the Dungeon.
You visited 1 branch of the dungeon, and saw 4 of its levels.

You collected 135 gold pieces.
You spent 39 gold pieces at shops.

Inventory:

Hand Weapons
 a - a +0 war axe
 b - a +4 dagger (weapon)
 i - a +2 dagger of venom
Missiles
 u - 2 throwing nets (quivered)
Armour
 c - a +0 buckler (worn)
 k - a +0 scale mail (worn)
 v - a +0 plate armour
Jewellery
 p - a +6 ring of dexterity (left claw)
 q - a ring of protection from fire (right claw)
Wands
 d - a wand of flame (3)
Scrolls
 f - a scroll of fog
 h - a scroll of immolation
 j - a scroll of enchant weapon
 m - a scroll of magic mapping
 n - 2 scrolls of teleportation
 o - a scroll of holy word {unknown}
 t - a scroll of vulnerability {unknown}
Potions
 e - a potion of magic {unknown}
 g - a potion of mutation {unknown}
 r - a potion of heal wounds


   Skills:
 + Level 5.1 Fighting
 + Level 4.2 Short Blades
 - Level 2.1 Axes
 + Level 4.2 Armour
 + Level 4.2 Shields


You had 6 spell levels left.
You didn't know any spells.
Your spell library was empty.

Dungeon Overview and Level Annotations

Branches:
Dungeon (4/15)
 Temple: D:4-7

Altars:

Shops:
D:2 ?


Innate Abilities, Weirdness & Mutations

You thrive by killing the living.
You are immune to poison.
You have sharp fingernails.
Your flesh is cold resistant. (rC+)
You are immune to negative energy. (rN+++)
You do not regenerate when monsters are visible.
You are immune to unholy pain and torment.


Message History

The gnoll shaman is healed somewhat.
You completely miss the orc. The gnoll misses you.
The orc hits you but does no damage.
You completely miss the orc. You block the gnoll's attack.
You block the orc's attack.
You hit the orc.
The orc is moderately wounded.
The gnoll hits you from afar with a +0 spear.
The orc hits you with a +0 dagger. The orc hits you but does no damage.
The orc barely misses you.
You barely miss the orc.
The orc is moderately wounded.
The orc hits you with a +0 dagger.
You hit the orc.
The orc is almost dead.
You hit the orc.
You kill the orc!
The gnoll shaman calls upon its god to speed up the gnoll.
The gnoll seems to speed up.
The gnoll hits you with a +0 club.
* * * LOW HITPOINT WARNING * * *
You block the gnoll's attack. The gnoll hits you but does no damage.
The gnoll hits you but does no damage. You block the gnoll's attack.
The gnoll hits you from afar with a +0 spear.
* * * LOW HITPOINT WARNING * * *
The gnoll hits you with a +0 club.
* * * LOW HITPOINT WARNING * * *
The gnoll shaman calls down the wrath of its god upon you.
You are outlined in light.
The gnoll barely misses you.
As you read the scroll of teleportation, it crumbles to dust.
You feel strangely unstable. The gnoll hits you with a +0 club.
* * * LOW HITPOINT WARNING * * *
The gnoll hits you from afar with a +0 spear.
* * * LOW HITPOINT WARNING * * *
The gnoll closely misses you. The gnoll barely misses you.
The gnoll hits you from afar with a +0 spear.
You die...

..#.≈≈≈....#
#.≈≈≈....#
#.≈≈≈....#
#.≈≈≈....#
#.≈≈≈..P.#
#.≈≈≈....#
#.≈≈≈....#
..#.≈≈≈....#
#'###≈≈..@.#
########...#≈≈P.g.#
.......#.oo#≈≈.g..#
≈≈≈≈≈≈≈#####≈≈....#
≈≈≈≈≈≈≈≈≈≈≈≈≈g....#
≈≈≈≈≈≈≈≈≈≈≈≈≈≈g..P#
.........)...o....#
.##################
##


You could see a gnoll shaman, 3 gnolls and an orc.

Vanquished Creatures
  A phantom (D:4)
  3 howler monkeys (D:4)
  2 hounds (D:4)
  Jessica (D:2)
  Ijyb (D:3)
  6 gnolls (D:4)
  4 adders
  2 worms (D:2)
  2 dart slugs
  5 orcs
  7 bats
  5 endoplasms
  A giant cockroach (D:2)
  5 goblins
  7 hobgoblins
  16 jackals
  4 kobolds
  7 quokkas
  6 ball pythons
  4 frilled lizards
  3 rats
92 creatures vanquished.

Vanquished Creatures (others)
  2 plants (D:4)
2 creatures vanquished.

Grand Total: 94 creatures vanquished

Notes
Turn   | Place    | Note
-------+----------+-------------------------------------------
     0 | D:1      | devnull the Ghoul Fighter began the quest for the Orb.
     0 | D:1      | Reached XP level 1. HP: 19/19 MP: 0/0
    31 | D:1      | Reached XP level 2. HP: 16/26 MP: 1/1
   738 | D:1      | Found a faded altar of an unknown god.
  1048 | D:1      | Reached XP level 3. HP: 31/31 MP: 2/2
  1485 | D:2      | Reached skill level 1 in Short Blades
  1650 | D:2      | Found Isus's Magic Scroll Boutique.
  1659 | D:2      | Bought a scroll of teleportation for 39 gold pieces
  1670 | D:2      | Noticed Jessica
  1685 | D:2      | Killed Jessica
  1686 | D:2      | Reached skill level 4 in Fighting
  1686 | D:2      | Reached XP level 4. HP: 40/40 MP: 3/3
  1918 | D:3      | Noticed Ijyb
  2219 | D:3      | Killed Ijyb
  2220 | D:3      | Reached XP level 5. HP: 16/46 MP: 4/4
  2444 | D:3      | Noticed Terence
  3004 | D:4      | Noticed a phantom
  3201 | D:4      | Killed a phantom
  3202 | D:4      | Reached XP level 6. HP: 38/53 MP: 5/5
  3789 | D:4      | Reached skill level 5 in Fighting
  3824 | D:4      | Reached XP level 7. HP: 37/61 MP: 6/6
  4095 | D:4      | Slain by a gnoll

Illustrated notes

Levels and vault maps discovered:
D:1:      dpeg_arrival_tiny_a, layout_loops_ring, ebering_ecumenical_altar_mist,
          minivault_5
D:2:      layout_rooms, serial_shops, shop, kennysheep_another_room,
          minmay_misc_feat_room, hangedman_decor_growths, corexii_corridor_pit,
          uniq_jessica
D:3:      layout_rooms, uniq_terence, uniq_ijyb
D:4:      lemuel_castle_with_subvaults [lemuel_castle_interior_carwin_2],
          layout_rooms, nicolae_elevator_lobby_plus

Skill      XL: |  1  2  3  4  5  6 |
---------------+-------------------+-----
Axes           | 2 |  2.1
Armour         | 3 4 |  4.2
Shields        | 3 4 |  4.2
Short Blades   | 1 2 3 4 |  4.2
Fighting       | 4 5 |  5.1

Action                   |  1- 3 |  4- 6 |  7- 9 || total
-------------------------+-------+-------+-------++-------
Melee: War axe           |   146 |    77 |       ||   223
       Dagger            |       |   117 |    41 ||   158
  Use: Scroll            |     4 |     3 |     1 ||     8
       Potion            |       |     1 |       ||     1
Armor: Scale mail        |    70 |    90 |    10 ||   170
Dodge: Dodged            |    78 |   100 |    24 ||   202
Block: Buckler           |    37 |    60 |    15 ||   112

Table legend: (Time is in decaauts)
 A = Elapsed time spent in this place.
 B = Non-inter-level travel time spent in this place.
 C = Inter-level travel time spent in this place.
 D = Time resting spent in this place.
 E = Time spent auto-exploring this place.
 F = Levels seen in this place.
 G = Mean time per level.
                   A        B        C        D        E       F      G
               +--------+--------+--------+--------+--------+-----+--------+
         Total |   4161 |   4083 |     78 |    514 |   2722 |   4 | 1040.2 |
       Dungeon |   4161 |   4083 |     78 |    514 |   2722 |   4 | 1040.2 |
               +--------+--------+--------+--------+--------+-----+--------+

Top non-repeatable levels by time:
     D:1: 1421 daAuts
     D:3: 1047 daAuts
     D:4: 862 daAuts
     D:2: 831 daAuts
